 Dungeon Crawl Stone Soup version 0.28.0 (webtiles) character file.

Game seed: 17372073424784159406

80 DemonSlayer the Magician (level 4, 0/24 HPs)
             Began as a Deep Elf Hedge Wizard on Feb 15, 2022.
             Was an Initiate of Yredelemnul.
             Slain by an adder (3 damage)
             ... on level 3 of the Dungeon.
             The game lasted 00:05:48 (3266 turns).

DemonSlayer the Magician (Deep Elf Hedge Wizard)    Turns: 3266, Time: 00:05:49

Health: 0/24       AC:  2    Str:  7    XL:     4   Next: 18%
Magic:  10/14      EV: 13    Int: 21    God:    Yredelemnul [......]
Gold:   146        SH:  0    Dex: 14    Spells: 3/15 levels left

rFire   . . .      SeeInvis .   j - staff of poison
rCold   . . .      Faith    .   (no shield)
rNeg    . . .      Spirit   .   b - +0 robe
rPois   +          Reflect  .   c - +0 hat
rElec   .          Harm     .   (no cloak)
rCorr   .          Rampage  .   (no gloves)
Will    .....                   (no boots)
Stlth   ++........              (no amulet)
HPRegen 0.08/turn               (no ring)
MPRegen 0.14/turn               (no ring)

@: no status effects
A: no striking features
a: Renounce Religion, Recall Undead Harvest


You were on level 3 of the Dungeon.
You worshipped Yredelemnul.
Yredelemnul was noncommittal.
You visited 1 branch of the dungeon, and saw 3 of its levels.

You collected 146 gold pieces.

Inventory:

Hand Weapons
 a - a +0 dagger
Missiles
 i - 3 datura-tipped darts
Armour
 b - a +0 robe (worn)
 c - a +0 hat (worn)
Magical Staves
 j - a staff of poison (weapon)
Scrolls
 d - 3 scrolls of identify
Potions
 e - a potion of haste {unknown}
 f - a potion of degeneration {unknown}
 g - a potion of invisibility {unknown}


   Skills:
 + Level 3.0 Dodging
 + Level 2.6 Stealth
 + Level 6.2 Spellcasting
 + Level 2.0 Conjurations
 + Level 1.1 Summonings
 + Level 1.1 Translocations


You had 3 spell levels left.
You knew the following spells:

 Your Spells              Type           Power      Damage    Failure   Level
a - Magic Dart            Conj           60%        1d6       4%          1
b - Slow                  Hex            24%        N/A       10%         1
c - Blink                 Tloc           22%        N/A       10%         2
d - Call Imp              Summ           11%        N/A       10%         2
e - Conjure Flame         Conj/Fire      10%        6-21      19%         3
f - Mephitic Cloud        Conj/Pois/Air  14%        N/A       22%         3

Your spell library contained the following spells:

 Spells                   Type           Power      Damage    Failure   Level


Dungeon Overview and Level Annotations

Branches:
Dungeon (3/15)

Altars:
Ru
Yredelemnul

Shops:
D:1 :

Annotations:
D:3 Ijyb


Message History

You are poisoned.
The adder poisons you!
Ijyb closely misses something.
Something closely misses Ijyb.
The adder bites you.
You throw a datura-tipped dart. The datura-tipped dart hits the adder.
The adder flies into a frenzy!
The adder is moderately wounded.
You feel sick.
The adder misses the adder.
The adder barely misses the adder.
Ijyb zaps a wand.
The puff of flame hits the adder!
The adder dies!
A black mist starts to gather...
Your Conjurations skill increases to level 2!
You blink.
You feel sick.
Your goblin zombie closely misses Ijyb.
Ijyb zaps a wand.
The puff of flame hits your adder zombie!
Your adder zombie misses Ijyb.
Unknown command.
You feel sick.
Your goblin zombie closely misses Ijyb.
Ijyb hits your adder zombie with a +0 club.
Your adder zombie barely misses Ijyb.
A hobgoblin comes into view.
You feel sick.
Your goblin zombie hits Ijyb but does no damage.
Your adder zombie bites Ijyb but does no damage.
Ijyb zaps a wand.
The puff of flame hits your adder zombie!
Your adder zombie is destroyed!
You feel sick.
You are no longer poisoned.
You feel stable enough to blink again.
Your goblin zombie barely misses the adder.
Ijyb zaps a wand.
The puff of flame hits you!
* * * LOW HITPOINT WARNING * * *
Okay, then.
As you read the scroll labelled JUTUBLIABE, it crumbles to dust.
It is a scroll of identify.
h - a scroll of fog
As you read the scroll of fog, it crumbles to dust.
The scroll dissolves into smoke.
The adder bites you.
You die...
Your body rises from the dead as a mindless zombie.

#####..##.#.#+#........#
#....
#...#'#............#
#....
#..go...##.........#
#....
#.......##.........#
#.###
##.......####.......#
#....
#.....##.###.......##
#####
#..........#....)..#
#....
...........S§§......
#....
#..........#@§.....#
#....
#..........#§§.....#
#....
##.......Sg#§§.....#
#....
#.........#.......#
#....
##.#.##Z###.......#
##### # #.....S#########
# ......#.# #.#####
#######.# #......
#.#############.##..


You could see an adder and an orc (wandering).

Vanquished Creatures
  An adder (D:2)
  2 worms (D:3)
  2 dart slugs
  An orc (D:2)
  6 endoplasms
  A giant cockroach (D:2)
  6 goblins
  6 hobgoblins
  3 quokkas (D:1)
  4 ball pythons
  3 bats
  5 frilled lizards (D:1)
  8 kobolds
  3 rats
51 creatures vanquished.

Vanquished Creatures (others)
  An adder (D:3)
  An adder zombie (D:3)
2 creatures vanquished.

Grand Total: 53 creatures vanquished

Notes
Turn   | Place    | Note
-------+----------+-------------------------------------------
     0 | D:1      | DemonSlayer the Deep Elf Hedge Wizard began the quest for
                  | the Orb.
     0 | D:1      | Reached XP level 1. HP: 10/10 MP: 7/7
     2 | D:1      | Learned a level 1 spell: Slow
    59 | D:1      | Found Pastin's Book Shop.
   353 | D:1      | Reached XP level 2. HP: 15/15 MP: 7/9
   356 | D:1      | Learned a level 2 spell: Blink
   359 | D:1      | Learned a level 2 spell: Call Imp
   459 | D:1      | Reached skill level 5 in Spellcasting
  1153 | D:1      | Reached XP level 3. HP: 19/19 MP: 4/12
  1318 | D:1      | Learned a level 3 spell: Conjure Flame
  1322 | D:1      | Learned a level 3 spell: Mephitic Cloud
  1460 | D:2      | Found a faded altar of an unknown god.
  1924 | D:2      | Reached skill level 6 in Spellcasting
  2515 | D:3      | Found Issi's Jewellery Shoppe.
  2787 | D:3      | Reached XP level 4. HP: 22/24 MP: 2/14
  3025 | D:3      | Found a sacrificial altar of Ru.
  3026 | D:3      | Found a basalt altar of Yredelemnul.
  3090 | D:3      | Became a worshipper of Yredelemnul the Dark
  3248 | D:3      | Noticed Ijyb
  3266 | D:3      | Slain by an adder

Illustrated notes

Levels and vault maps discovered:
D:1:      mrwooster_arrival_statue_3, layout_loops_corners, serial_shops,
          nicolae_shop_crystal, minmay_misc_feat_hallway, st_stairs_9
D:2:      layout_rooms, ebering_ecumenical_altar_webs
D:3:      layout_basic, gammafunk_temple_overflow_pools, serial_shops,
          nicolae_shop_hallway_plus, lemuel_flame_loot_1, uniq_ijyb

Skill      XL: |  1  2  3  4 |
---------------+-------------+-----
Spellcasting   | 5 6 |  6.2
Dodging        | 3 |  3.0
Conjurations   | 2 |  2.0
Stealth        | |  2.6
Summonings     | |  1.1
Translocations | |  1.1

Action                   |  1- 3 |  4- 6 || total
-------------------------+-------+-------++-------
Melee: Dagger            |     1 |       ||     1
Throw: Dart              |       |     2 ||     2
 Cast: Magic Dart        |   147 |    15 ||   162
       Blink             |       |     1 ||     1
  Use: Scroll            |       |     2 ||     2
Armor: Robe              |     2 |       ||     2
Dodge: Dodged            |     7 |     1 ||     8
